AoeStats
← dashuaibi

MegaRandom

507677540Analyzed
4v4 RM · 13d ago on Sep 19, 2026· 47m 27s· 8 players
Game mode
Random Map
Map size
Large (8 player)
Population
200
Speed
Normal
Resources
Standard
Victory
Conquest
Starting age
Dark Age
Ending age
Imperial Age
RankedLock teamsTeams togetherTeam positionsShared explorationLock speedFull tech treeHidden civsTurbo modeCheats
Victory
Defeat
1380
+9
🇨🇳 Byzantines · China
1344
+10
🇷🇴 Khmer · Romania
1097
+20
🇨🇿 Poles · Czechia
1095
+20
🇨🇳 Japanese · China
1248
-17
🇨🇳 Mongols · China
1222
-16
🇵🇰 Spanish · Pakistan
1194
-14
🇨🇳 Vietnamese · China
1132
-12
khamz
7:18 Loom
9:44 Feudal Age
10:40 Double-Bit Axe
11:35 Horse Collar
19:10 Castle Age
18:01 Stone Mining
18:06 Gold Mining
19:18 Bloodlines
20:27 Bow Saw
21:41 Husbandry
23:02 Fletching
23:16 Heavy Plow
25:49 Town Watch
28:48 Wheelbarrow
28:55 Stone Shaft Mining
28:49 Bodkin Arrow
29:17 Padded Archer Armor
34:35 Imperial Age
32:20 Hand Cart
36:52 Chemistry
35:54 Bracer
35:17 Elite Conquistador
36:18 Conscription
37:35 Two-Man Saw
37:06 Leather Archer Armor
36:26 Light Cavalry
39:19 Ring Archer Armor
39:11 Supremacy
41:17 Herbal Medicine
45:01 Scale Barding Armor
45:06 Forging
45:38 Hussar
47:33 Murder Holes
48:01 Ballistics
小心,有诈。
9:20 Feudal Age
15:40 Scale Barding Armor
16:52 Forging
17:30 Loom
23:51 Castle Age
21:50 Double-Bit Axe
21:46 Horse Collar
23:06 Gold Mining
24:34 Bloodlines
25:01 Chain Barding Armor
26:38 Husbandry
27:44 Iron Casting
29:32 Wheelbarrow
31:14 Bow Saw
32:03 Hand Cart
34:31 Fishing Lines
40:25 Imperial Age
37:42 Town Watch
41:28 Conscription
40:31 Elite Steppe Lancer
44:15 Blast Furnace
44:06 Stone Mining
47:16 Padded Archer Armor
47:07 Fletching
优势在我
3:36 Loom
12:37 Feudal Age
13:12 Double-Bit Axe
14:27 Wheelbarrow
15:36 Fishing Lines
18:14 Fletching
21:14 Castle Age
19:42 Padded Archer Armor
20:27 Gold Mining
20:21 Horse Collar
21:22 Elite Skirmisher
21:30 Crossbowman
22:51 Thumb Ring
26:28 Bodkin Arrow
28:12 Leather Archer Armor
28:52 Stone Mining
30:58 Ballistics
32:08 Heavy Plow
34:31 Hand Cart
38:45 Imperial Age
37:55 Scale Barding Armor
37:58 Elite Skirmisher
39:37 Bow Saw
40:56 Chemistry
40:02 Siege Engineers
39:39 Imperial Skirmisher
39:40 Arbalester
41:59 Bracer
45:22 Elite Battle Elephant
47:50 Ring Archer Armor
48:36 Two-Man Saw
Chongyass
10:54 Feudal Age
16:06 Castle Age
13:54 Loom
16:10 Castle Age
14:21 Double-Bit Axe
15:26 Horse Collar
21:25 Scale Mail Armor
21:37 Forging
21:31 Squires
23:05 Gold Mining
27:30 Pikeman
29:09 Chain Mail Armor
35:23 Heavy Plow
37:37 Bow Saw
42:08 Wheelbarrow
45:21 Imperial Age
43:54 Padded Archer Armor
43:45 Fletching
twitch.tv/TheSeniorSmurf
0:27 Loom
10:40 Feudal Age
11:14 Double-Bit Axe
13:14 Fishing Lines
14:52 Fletching
17:48 Horse Collar
20:36 Castle Age
20:40 Crossbowman
21:16 Bodkin Arrow
27:18 Ballistics
33:34 Masonry
34:42 Gold Mining
34:59 Thumb Ring
34:55 Padded Archer Armor
36:17 Bow Saw
37:01 Wheelbarrow
39:40 Imperial Age
40:09 Leather Archer Armor
39:45 Arbalester
40:26 Bracer
41:50 Chemistry
41:21 Architecture
41:33 Ring Archer Armor
40:57 Stone Mining
41:43 Gold Shaft Mining
41:37 Conscription
42:41 Heavy Plow
43:44 Two-Man Saw
43:36 Elite Fire Lancer
44:02 Arson
44:17 Squires
44:18 Scale Mail Armor
44:29 Forging
47:24 Town Watch
47:55 Hand Cart
47:56 Chain Mail Armor
48:17 Iron Casting
DESTINNI
5:22 Loom
11:14 Feudal Age
12:07 Double-Bit Axe
16:15 Castle Age
14:30 Horse Collar
17:15 Gold Mining
22:13 Bloodlines
22:49 Bloodlines
22:51 Scale Barding Armor
23:26 Husbandry
23:37 Forging
26:43 Imperial Age
25:18 Chain Barding Armor
25:06 Stone Mining
26:15 Bow Saw
26:55 Iron Casting
26:49 Heavy Plow
29:09 Fervor
30:12 Wheelbarrow
29:23 Town Watch
30:55 Blast Furnace
29:46 Cavalier
34:08 Town Patrol
34:24 Hand Cart
35:10 Light Cavalry
37:48 Winged Hussar
39:30 Devotion
41:26 Crop Rotation
40:47 Stone Mining
46:15 Conscription
47:57 Szlachta Privileges
48:14 Lechitic Legacy
᲼
10:54 Feudal Age
11:29 Horse Collar
11:35 Loom
11:39 Double-Bit Axe
16:25 Castle Age
14:54 Fishing Lines
16:43 Scale Barding Armor
17:21 Forging
17:14 Heavy Plow
17:54 Bloodlines
18:41 Bow Saw
25:25 Chain Barding Armor
29:23 Husbandry
30:07 Stone Mining
32:23 Fletching
35:10 Imperial Age
32:52 Gold Mining
33:50 Ballistics
34:46 Town Watch
35:37 Wheelbarrow
35:26 Fletching
36:16 Conscription
36:40 Plate Barding Armor
37:44 Chemistry
38:35 Double Crossbow
41:00 Elite Ballista Elephant
46:40 Iron Casting
46:17 Masonry
dashuaibi
13:49 Feudal Age
15:17 Double-Bit Axe
17:40 Castle Age
15:34 Horse Collar
16:00 Stone Mining
17:22 Fishing Lines
18:39 Fletching
19:31 Loom
20:43 Bodkin Arrow
21:10 Bow Saw
26:46 Wheelbarrow
29:51 Imperial Age
28:12 Gold Mining
28:58 Stone Shaft Mining
29:12 Scale Barding Armor
29:17 Forging
29:24 Husbandry
30:12 Gold Shaft Mining
30:53 Chain Barding Armor
34:01 Murder Holes
36:55 Fortified Wall
38:01 Hand Cart
39:11 Conscription
38:46 Elite Skirmisher
40:09 Bracer
40:09 Padded Archer Armor
42:10 Chemistry
41:30 Ballistics
41:24 Heavy Plow
42:28 Two-Man Saw
41:35 Thumb Ring
43:00 Leather Archer Armor
43:21 Plate Barding Armor
44:29 Crop Rotation
45:22 Ring Archer Armor
45:27 Plate Barding Armor
45:27 Iron Casting
47:08 Elite Cataphract
48:24 Hoardings
48:02 Logistica
Connection lost

Rejoining the realm…

Still unreachable

The connection could not be restored.

Session expired

The server has moved on; the page needs a fresh start.